AoeStats
← CaptainX

Fortress

507374449Analyzed
3v3 RM · 29d ago on Sep 17, 2026· 42m 44s· 6 players
Game mode
Random Map
Map size
Large (8 player)
Population
200
Speed
Normal
Resources
Standard
Victory
Conquest
Starting age
Dark Age
Ending age
Imperial Age
RankedLock teamsTeams togetherTeam positionsShared explorationLock speedFull tech treeHidden civsTurbo modeCheats
Victory
Defeat
🇧🇷 Tatars · Brazil
1353
+13
🇧🇷 Chinese · Brazil
1295
+15
🇺🇸 Poles · United States
1249
+17
vs
🇹🇷 Armenians · Türkiye
1321
-16
🇹🇷 Koreans · Türkiye
1316
-16
🇹🇷 Hindustanis · Türkiye
1216
-13
Khaledus Secundus
8:01 Feudal Age
12:26 Castle Age
10:17 Double-Bit Axe
10:13 Horse Collar
10:58 Stone Mining
12:38 Loom
17:28 Elite Skirmisher
18:45 Fletching
22:17 Ballistics
22:43 Bow Saw
22:42 Gold Mining
23:37 Bodkin Arrow
25:04 Crossbowman
29:08 Imperial Age
27:48 Wheelbarrow
28:54 Thumb Ring
30:01 Bracer
30:53 Arbalester
33:14 Chemistry
32:21 Siege Engineers
32:41 Masonry
32:59 Elite Fire Lancer
34:23 Squires
34:45 Scale Mail Armor
34:55 Forging
39:03 Chain Mail Armor
39:24 Iron Casting
40:49 Town Watch
41:20 Hand Cart
42:31 Pikeman
murat
8:07 Feudal Age
10:07 Loom
12:44 Castle Age
11:29 Double-Bit Axe
12:07 Gold Mining
12:07 Horse Collar
14:47 Bow Saw
15:29 Fletching
16:38 Heavy Plow
17:32 Wheelbarrow
18:07 Fletching
18:17 Padded Archer Armor
20:31 Bodkin Arrow
23:34 Stone Mining
25:26 Leather Archer Armor
26:24 Elite Skirmisher
28:14 Hand Cart
27:45 Town Watch
31:27 Imperial Age
28:56 Man-at-Arms
29:22 Gambesons
29:37 Squires
29:23 Arson
29:45 Scale Barding Armor
29:42 Scale Mail Armor
29:53 Forging
29:23 Pikeman
29:48 Long Swordsman
30:45 Chain Mail Armor
32:31 Ballistics
33:12 Chemistry
32:13 Bracer
32:44 Ring Archer Armor
32:46 Plate Mail Armor
32:51 Iron Casting
31:41 Two-Handed Swordsman
33:42 Chemistry
32:53 Masonry
32:45 Bracer
33:15 Ring Archer Armor
32:07 Crossbowman
32:26 Two-Handed Swordsman
32:42 Halberdier
33:00 Capped Ram
34:45 Plate Mail Armor
34:51 Iron Casting
34:22 Arbalester
38:13 Blast Furnace
39:50 Conscription
39:41 Fereters
39:59 Two-Handed Swordsman
CaptainX
6:58 Feudal Age
7:26 Double-Bit Axe
7:23 Horse Collar
13:08 Castle Age
12:13 Loom
13:09 Wheelbarrow
12:21 Town Watch
12:49 Scale Barding Armor
12:56 Forging
19:52 Wheelbarrow
20:45 Bow Saw
20:37 Heavy Plow
20:55 Gold Mining
24:23 Imperial Age
22:37 Chain Barding Armor
22:13 Town Watch
23:48 Grand Trunk Road
25:02 Iron Casting
24:28 Scale Mail Armor
25:50 Hand Cart
25:35 Town Patrol
26:30 Plate Barding Armor
26:47 Gold Shaft Mining
27:52 Conscription
29:00 Padded Archer Armor
30:55 Chemistry
31:30 Leather Archer Armor
34:50 Ring Archer Armor
Cousin Kristofferson
4:37 Loom
7:37 Feudal Age
11:27 Castle Age
9:28 Double-Bit Axe
10:14 Horse Collar
11:16 Wheelbarrow
18:57 Squires
19:25 Arson
26:02 Imperial Age
24:30 Scale Mail Armor
24:55 Forging
26:29 Chain Mail Armor
27:35 Iron Casting
28:08 Plate Mail Armor
28:59 Conscription
29:05 Elite Obuch
31:27 Blast Furnace
34:26 Hand Cart
33:56 Town Watch
38:37 Hoardings
40:13 Scale Barding Armor
40:39 Husbandry
41:29 Bloodlines
40:53 Cavalier
42:23 Lechitic Legacy
42:12 Szlachta Privileges
43:09 Chain Barding Armor
Camarada Dipsy
0:30 Loom
8:42 Feudal Age
10:11 Horse Collar
12:43 Castle Age
11:49 Double-Bit Axe
11:57 Gold Mining
12:34 Fletching
15:38 Bodkin Arrow
20:11 Wheelbarrow
19:49 Bow Saw
20:56 Padded Archer Armor
21:03 Town Watch
25:10 Hand Cart
24:55 Town Patrol
28:13 Imperial Age
25:58 Great Wall
26:55 Leather Archer Armor
26:47 Squires
26:33 Arson
29:36 Ballistics
29:27 Masonry
29:13 Murder Holes
30:04 Conscription
30:21 Bracer
30:51 Ring Archer Armor
31:34 Town Patrol
32:06 Ring Archer Armor
32:44 Heavy Plow
33:41 Elite Chu Ko Nu
36:14 Thumb Ring
40:25 Chemistry
Gauderio Paraguaio
8:59 Feudal Age
11:09 Wheelbarrow
10:24 Double-Bit Axe
10:22 Horse Collar
13:42 Castle Age
12:11 Gold Mining
12:46 Loom
13:44 Fletching
14:43 Bow Saw
16:48 Bodkin Arrow
19:35 Padded Archer Armor
21:40 Hand Cart
23:24 Bloodlines
23:42 Ballistics
24:55 Husbandry
25:36 Leather Archer Armor
29:33 Imperial Age
27:33 Scale Barding Armor
27:49 Forging
28:10 Stone Mining
29:39 Chain Barding Armor
29:47 Silk Armor
31:46 Conscription
32:46 Plate Barding Armor
34:11 Timurid Siegecraft
34:20 Heavy Plow
35:22 Chemistry
34:29 Elite Steppe Lancer
40:54 Iron Casting
41:12 Town Watch
43:09 Blast Furnace
Connection lost

Rejoining the realm…

Still unreachable

The connection could not be restored.

Session expired

The server has moved on; the page needs a fresh start.